 Dungeon Crawl Stone Soup version 0.22-a0-580-gd5db89c (webtiles) character file.

466 Hebeh the Chopper (level 6, 0/56 HPs)
             Began as a Minotaur Fighter on July 3, 2018.
             Succumbed to a scorpion's poison
             ... on level 4 of the Dungeon.
             The game lasted 00:06:39 (3104 turns).

Hebeh the Chopper (Minotaur Fighter)                Turns: 3104, Time: 00:06:39

Health: 0/56       AC:  9    Str: 22    XL:     6   Next: 81%
Magic:  5/5        EV:  8    Int:  5    God:
Gold:   148        SH: 10    Dex: 10    Spells: 5/5 levels left

rFire    + . .     SeeInvis .   a - +0 war axe
rCold    + . .     Gourm    .   c - +0 shield
rNeg     . . .     Faith    .   k - +3 ring mail {rF+}
rPois    .         Spirit   .   (helmet restricted)
rElec    .         Reflect  .   (no cloak)
rCorr    .         Harm     .   (no gloves)
MR       .....                  (no boots)
Stlth    ..........             (no amulet)
HPRegen  0.18/turn              m - ring of protection from cold
MPRegen  0.09/turn              (no ring)

@: lethally poisoned (0 -> -11)
A: retaliatory headbutt, horns 2
a: no special abilities


You were on level 4 of the Dungeon.
You were not hungry.

You visited 1 branch of the dungeon, and saw 4 of its levels.

You collected 148 gold pieces.

Inventory:

Hand Weapons
 a - a +0 war axe (weapon)
Armour
 c - a +0 shield (worn)
 k - a +3 ring mail of fire resistance (worn)
 o - a +1 cloak
Jewellery
 m - a ring of protection from cold (left hand)
Scrolls
 b - a scroll of magic mapping {unknown}
 g - a scroll of enchant weapon {unknown}
 i - 4 scrolls of identify {unknown}
 j - 3 scrolls of remove curse {unknown}
Potions
 d - 2 potions of might
 e - 3 potions of ambrosia {unknown}
 h - 2 potions of flight {unknown}
 l - a potion of agility {unknown}
 n - a potion of degeneration {unknown}
 q - 2 potions of cancellation {unknown}
Comestibles
 f - 7 rations
 p - 2 chunks of flesh


   Skills:
 + Level 5.2 Fighting
 * Level 5.9 Axes
 + Level 5.2 Armour
 + Level 5.2 Shields


You had 5 spell levels left.
You didn't know any spells.
Your spell library contained the following spells:

 Spells                   Type           Power        Failure   Level  Hunger
 Magic Dart               Conj           #...         96%         1    ##.....
 Conjure Flame            Conj/Fire      #.......     100%        3    ####...
 Slow                     Hex            #.......     99%         2    ###....
 Mephitic Cloud           Conj/Pois/Air  #.......     100%        3    ####...
 Blink                    Tloc           N/A          99%         2    ###....
 Call Imp                 Summ           #.......     99%         2    ###....


Dungeon Overview and Level Annotations

Branches:
Dungeon (4/15)
 Temple: D:4-7

Altars:
Ashenzari
Ru
Xom
Yredelemnul
The Shining One


Innate Abilities, Weirdness & Mutations

You reflexively headbutt those who attack you in melee.
You have a pair of horns on your head.


Message History

You closely miss the scorpion.
You feel sick. The scorpion stings you!
* * * LOW HITPOINT WARNING * * *
You are lethally poisoned!
The scorpion poisons you!
* * * LOW HITPOINT WARNING * * *
You feel sick.
Things that are here:
a dagger; a robe; an orc corpse You hit the scorpion but do no damage.
* * * LOW HITPOINT WARNING * * *
You feel sick. You block the scorpion's attack.
You hit the scorpion. You headbutt the scorpion!
The scorpion is severely wounded.
* * * LOW HITPOINT WARNING * * *
You feel sick.
The scorpion stings you but does no damage.
You block the scorpion's attack.
You slash the scorpion!
You kill the scorpion!
You die...

........#.........
...##...##'#####'#
...##...##.......#
.........'.......#
.........#.......# # .
>..##...##'####..###'#...
...##...##..###..#)......
######.......))......
#....#......@#.......
#....'.......#.......
#....#.......#.......
##...##..##...#.......
#....##..######.......
#######..# ....... #..#
....... ####


There were no monsters in sight!

Vanquished Creatures
  An ogre (D:4)
  A scorpion (D:4)
  3 orc priests (D:4)
  A hound (D:4)
  2 orc wizards (D:4)
  Terence (D:2)
  6 adders
  8 worms
  A dart slug (D:1)
  5 orcs
  6 bats
  4 giant cockroaches
  5 hobgoblins
  3 jackals (D:3)
  A quokka (D:2)
  3 ball pythons
  5 frilled lizards
  7 kobolds
  5 rats
68 creatures vanquished.

Notes
Turn   | Place    | Note
-------+----------+-------------------------------------------
     0 | D:1      | Hebeh the Minotaur Fighter began the quest for the Orb.
     0 | D:1      | Reached XP level 1. HP: 19/19 MP: 0/0
   161 | D:1      | Reached XP level 2. HP: 25/27 MP: 1/1
  1224 | D:2      | Found a basalt altar of Yredelemnul.
  1229 | D:2      | Noticed Terence
  1237 | D:2      | Killed Terence
  1237 | D:2      | Reached XP level 3. HP: 20/33 MP: 2/2
  1389 | D:2      | Found a sacrificial altar of Ru.
  1688 | D:2      | Reached XP level 4. HP: 38/40 MP: 3/3
  1772 | D:2      | Found a glowing golden altar of the Shining One.
  1805 | D:2      | Noticed an angel
  2107 | D:3      | Found a shimmering altar of Xom.
  2244 | D:3      | Found a shattered altar of Ashenzari.
  2284 | D:3      | Reached XP level 5. HP: 44/47 MP: 4/4
  2748 | D:4      | Noticed an ogre
  2755 | D:4      | Killed an ogre
  2755 | D:4      | Reached skill level 5 in Axes
  3015 | D:4      | Reached XP level 6. HP: 52/55 MP: 5/5
  3051 | D:4      | Reached skill level 5 in Fighting
  3096 | D:4      | Reached skill level 5 in Armour
  3096 | D:4      | Reached skill level 5 in Shields
  3103 | D:4      | HP: 1/56 [poisoned by a scorpion]
  3104 | D:4      | Succumbed to a scorpion's poison

Vault maps used:
D:1:      saegor_arrival_simple_d, serial_forest, infiniplex_forest_lined_3,
          infiniplex_forest_clump_small, infiniplex_forest_end_2,
          infiniplex_forest_zigzag_1, infiniplex_forest_clump_cross,
          infiniplex_forest_clump_medium, infiniplex_forest_corner_1,
          amethyst_killhole
D:2:      grunt_temple_overflow_holy_war, nicolae_ru_sacrificial_ziggurat,
          uniq_terence
D:3:      old_standard_altar, nicolae_overflow_hidden_temple,
          hangedman_decor_opposing
D:4:      first_ration, abandoned_shop, minivault_11, fountainhead

Skill      XL: |  1  2  3  4  5  6 |
---------------+-------------------+-----
Axes           | 3 4 5 |  5.9
Fighting       | 4 5 |  5.2
Armour         | 4 5 |  5.2
Shields        | 4 5 |  5.2

Action                   |  1- 3 |  4- 6 || total
-------------------------+-------+-------++-------
Melee: War axe           |    59 |    87 ||   146
       Headbutt          |     7 |    16 ||    23
  Eat: Chunk             |     2 |     5 ||     7
Armor: Scale mail        |     6 |       ||     6
       Ring mail         |    10 |    43 ||    53
Dodge: Dodged            |    17 |    47 ||    64
Block: Shield            |    21 |    66 ||    87

Table legend:
 A = Spawn XP
 B = Non-spawn XP
 C = Spawn XP percentage of total XP
 D = Spawn monster count
 E = Non-spawn monster count
 F = Spawn count percentage of total count
 G = Total turns spent on level
                    A         B        C        D         E        F      G
               +---------+---------+-------+---------+---------+-------+---------
         Total |       0 |     667 |   0.0 |       0 |      68 |   0.0 |  3104
               +---------+---------+-------+---------+---------+-------+---------
           D:1 |       0 |      19 |   0.0 |       0 |      12 |   0.0 |   961
           D:2 |       0 |      78 |   0.0 |       0 |      15 |   0.0 |   905
           D:3 |       0 |     111 |   0.0 |       0 |      28 |   0.0 |  1035
           D:4 |       0 |     459 |   0.0 |       0 |      13 |   0.0 |   203
               +---------+---------+-------+---------+---------+-------+---------
